 Dungeon Crawl Stone Soup version 0.22-a0-157-g169b76a (webtiles) character file.

210 Lapis the Digger (level 5, -3/28 HPs)
             Began as a Gargoyle Earth Elementalist on Feb 8, 2018.
             Slain by an orc priest
             ... wielding a +0 flail
              (7 damage)
             ... on level 3 of the Dungeon.
             The game lasted 00:04:38 (3943 turns).

Lapis the Digger (Gargoyle Earth Elementalist)      Turns: 3943, Time: 00:04:38

Health: -3/28      AC:  6    Str: 11    XL:     5   Next: 88%
Magic:  3/10       EV: 12    Int: 17    God:
Gold:   87         SH:  0    Dex: 10    Spells: 1/11 levels left

rFire    . . .     SeeInvis .   t - +2 dagger (speed)
rCold    . . .     Gourm    .   (no shield)
rNeg     + . .     Faith    .   c - +0 robe
rPois    ∞         Spirit   .   (no helmet)
rElec    +         Reflect  .   (no cloak)
rCorr    .         Harm     .   (no gloves)
MR       .....                  (no boots)
Stlth    ++........             (no amulet)
HPRegen  0.09/turn              (no ring)
MPRegen  0.12/turn              (no ring)

@: no status effects
A: negative energy resistance 1, electricity resistance, unbreathing,
petrification resistance, rot immunity, AC +4
a: no special abilities


You were on level 3 of the Dungeon.
You were hungry.

You visited 1 branch of the dungeon, and saw 3 of its levels.

You collected 87 gold pieces.

Inventory:

Hand Weapons
 h - a +0 short sword
 t - a +2 dagger of speed (weapon)
Missiles
 b - 50 stones (quivered)
Armour
 a - a +0 leather armour
 c - a +0 robe (worn)
 l - a +3 plate armour
Jewellery
 s - a cursed ring of loudness {unknown}
Scrolls
 f - a scroll of fear {unknown}
 g - 3 scrolls of identify {unknown}
 i - 2 scrolls of magic mapping {unknown}
 k - a scroll of remove curse {unknown}
 n - 2 scrolls of blinking
 o - 2 scrolls of immolation {unknown}
 p - a scroll of enchant weapon {unknown}
 r - a scroll of teleportation {unknown}
Potions
 j - a potion of degeneration {unknown}
 m - a potion of might
 q - a potion of curing {unknown}
Books
 e - a book of Geomancy

   Spells                             Type                      Level
   a - Sandblast                      Earth                        1
   b - Passwall                       Transmutation/Earth          2
   c - Stone Arrow                    Conjuration/Earth            3
   d - Petrify                        Transmutation/Earth          4
   e - Lee's Rapid Deconstruction     Earth                        5
Comestibles
 d - 3 rations


   Skills:
 + Level 2.6 Dodging
 - Level 2.1 Stealth
 * Level 3.6 Spellcasting
 * Level 1.6 Conjurations
 + Level 0.7 Transmutations
 + Level 5.0 Earth Magic


You had one spell level left.
You knew the following spells:

 Your Spells              Type           Power        Failure   Level  Hunger
a - Sandblast             Erth           ###...       1%          1    None
b - Passwall              Tmut/Erth      ##........   8%          2    ##.....
c - Stone Arrow           Conj/Erth      ##....       12%         3    ###....
d - Petrify               Tmut/Erth      ##......     43%         4    ####...


Dungeon Overview and Level Annotations

Branches:
Dungeon (3/15)

Altars:
Dithmenos
Hepliaklqana

Annotations:
D:3 KristoblXynda's ghost, amateur DDGl


Innate Abilities, Weirdness & Mutations

You are resistant to torment.
Your stone body is resilient. (AC +4)
You are immune to poison.
You resist negative energy. (rN+)
You are resistant to electric shocks. (rElec)
You can survive without breathing.
You are immune to petrification.
You are immune to rotting.


Message History

Confirm with . or Enter, or press ? or * to list all spells.
Aiming: Sandblast (safe; 1% risk of failure)
Press: ? - help, Shift-Dir - straight line, f - orc priest
Aim: an orc priest, wielding a flail and wearing a leather armour The blast of sand hits the orc priest.
The orc priest is almost dead.
b - 51 stones The orc priest calls down the wrath of Beogh upon you.
Beogh smites you!
* * * LOW HITPOINT WARNING * * *
Casting: Sandblast (safe; 1% risk of failure)
Confirm with . or Enter, or press ? or * to list all spells.
Aiming: Sandblast (safe; 1% risk of failure)
Press: ? - help, Shift-Dir - straight line, f/p - orc priest
Aim: an orc priest, wielding a flail and wearing a leather armour (almost dead)
The blast of sand hits the orc priest.
The orc priest is almost dead.
b - 50 stones The orc priest hits you with a flail!
You die...

###############
##.............
####...####...#.# #
.......###....).####....
................@o....#
.......###......#####.#
...................#
.......###......##.#
.......# ##...#.# ..
.......# ##.##.# ..
.......# #.##.# .
#####... #.##.# ### #.
#..


You could see an orc priest.

Vanquished Creatures
  A hound (D:2)
  A centaur skeleton (D:2)
  A jelly (D:2)
  5 adders (D:2)
  An ooze (D:3)
  4 dart slugs
  7 orcs (D:3)
  5 bats (D:1)
  5 giant cockroaches (D:2)
  2 goblins
  7 hobgoblins
  2 jackals (D:2)
  8 kobolds
  A quokka (D:2)
  2 ball pythons (D:1)
  7 frilled lizards
  6 rats
65 creatures vanquished.

Vanquished Creatures (others)
  A bat (D:2)
1 creature vanquished.

Grand Total: 66 creatures vanquished

Notes
Turn   | Place    | Note
-------+----------+-------------------------------------------
     0 | D:1      | Lapis the Gargoyle Earth Elementalist began the quest for the Orb.
     0 | D:1      | Reached XP level 1. HP: 10/10 MP: 3/3
   313 | D:1      | Reached XP level 2. HP: 6/15 MP: 1/5
   314 | D:1      | Reached skill level 4 in Earth Magic
   484 | D:1      | Learned a level 2 spell: Passwall
   949 | D:1      | Reached XP level 3. HP: 6/19 MP: 2/6
  1369 | D:1      | Learned a level 3 spell: Stone Arrow
  1891 | D:2      | Reached XP level 4. HP: 6/24 MP: 3/8
  2334 | D:2      | Found a shadowy altar of Dithmenos.
  2535 | D:2      | Reached skill level 1 in Conjurations
  2768 | D:2      | Reached XP level 5. HP: 28/28 MP: 5/10
  2813 | D:2      | Learned a level 4 spell: Petrify
  3024 | D:2      | Reached skill level 5 in Earth Magic
  3227 | D:2      | Found a hazy altar of Hepliaklqana.
  3403 | D:3      | Noticed KristoblXynda's ghost (amateur DDGl)
  3943 | D:3      | Slain by an orc priest

Vault maps used:
D:1:      ncdulo_watergridlock, st_stairs_6, minmay_quantized
D:2:      nicolae_dithmenos_shadow_blocks, marbit_many_paths
D:3:      hangedman_decor_growths

Skill      XL: |  1  2  3  4  5 |
---------------+----------------+-----
Earth Magic    | 4 5 |  5.0
Dodging        | 2 |  2.6
Spellcasting   | 3 |  3.6
Conjurations   | 1 |  1.6
Stealth        | |  2.1
Transmutations | |  0.7

Action                   |  1- 3 |  4- 6 || total
-------------------------+-------+-------++-------
Melee: Unarmed           |    27 |       ||    27
       Short sword       |    98 |   120 ||   218
       Dagger            |       |    18 ||    18
 Cast: Sandblast         |    18 |    27 ||    45
  Use: Potion            |       |     2 ||     2
       Scroll            |       |     1 ||     1
 Stab: Sleeping          |     6 |     2 ||     8
  Eat: Chunk             |     3 |     6 ||     9
Armor: Robe              |    71 |    80 ||   151
Dodge: Dodged            |   105 |   135 ||   240

Table legend:
 A = Spawn XP
 B = Non-spawn XP
 C = Spawn XP percentage of total XP
 D = Spawn monster count
 E = Non-spawn monster count
 F = Spawn count percentage of total count
 G = Total turns spent on level
                    A         B        C        D         E        F      G
               +---------+---------+-------+---------+---------+-------+---------
         Total |       0 |     301 |   0.0 |       0 |      66 |   0.0 |  3943
               +---------+---------+-------+---------+---------+-------+---------
           D:1 |       0 |      42 |   0.0 |       0 |      25 |   0.0 |  1597
           D:2 |       0 |     225 |   0.0 |       0 |      31 |   0.0 |  2093
           D:3 |       0 |      34 |   0.0 |       0 |      10 |   0.0 |   253
               +---------+---------+-------+---------+---------+-------+---------
